 Dungeon Crawl Stone Soup version 0.17-a0-1378-g281efdd (webtiles) character file.

203 onwiheg the Poker (level 5, -4/45 HPs)
             Began as a Naga Gladiator on June 14, 2015.
             Slain by an ogre
             ... wielding a +0 giant club
              (19 damage)
             ... on level 3 of the Dungeon.
             The game lasted 00:08:04 (2955 turns).

onwiheg the Poker (Naga Gladiator)                  Turns: 2955, Time: 00:08:04

Health: -4/45      AC:  4    Str: 18    XL:     5   Next: 81%
Magic:  5/5        EV: 10    Int:  8    God:
Gold:   184        SH:  0    Dex: 12    Spells: 0 memorised, 4 levels left

rFire  . . .     SeeInvis +     a - +0 trident
rCold  . . .     Clarity  .     b - +0 leather armour
rNeg   . . .     SustAt   +     (no shield)
rPois  +         Gourm    .     C - +0 helmet
rElec  .         Spirit   .     (no cloak)
rCorr  .         Warding  .     (no gloves)
rMut   .         Rnd*Tele +     (no barding)
MR     .....                    (no amulet)
Stlth  +.........               o - ring of teleportation (curse)
                                l - ring of sustain attributes

@: short of breath, very slow, not resistant to hostile enchantments, very
unstealthy
A: see invisible, deformed body, poison resistance, slowness 2, slow metabolism
1, spit poison 2, AC +1
a: Spit Poison, Evoke Teleportation


You were on level 3 of the Dungeon.
You were hungry.

You visited 1 branch of the dungeon, and saw 3 of its levels.

You collected 184 gold pieces.

Inventory:

Hand weapons
 a - a +0 trident (weapon)
Missiles
 d - 4 throwing nets (quivered)
 z - 2 javelins of returning
Armour
 b - a +0 leather armour (worn)
 c - a +0 helmet
 C - a +0 helmet (worn)
Jewellery
 l - a ring of sustain attributes (left hand)
 o - a cursed ring of teleportation (right hand)
Scrolls
 g - 7 scrolls of identify {unknown}
 i - a scroll of immolation {unknown}
 k - a scroll of blinking {unknown}
 m - a scroll of fear {unknown}
 p - 2 scrolls of amnesia {unknown}
 r - a scroll of fog {unknown}
 t - a scroll of teleportation {unknown}
 x - a scroll of magic mapping {unknown}
 y - a scroll of random uselessness {unknown}
 A - a scroll of enchant weapon {unknown}
 B - 4 scrolls of remove curse {unknown}
Potions
 j - a potion of ambrosia {unknown}
 n - a potion of agility {unknown}
 q - a potion of heal wounds
 s - a potion of haste {unknown}
 u - a potion of mutation {unknown}
 v - 2 potions of magic {unknown}
 w - 2 potions of poison {unknown}
Comestibles
 e - 2 bread rations
 f - a beef jerky
 h - 3 meat rations
 D - 2 chunks of flesh


   Skills:
 - Level 2.0 Fighting
 + Level 6.3 Polearms
 - Level 1.7 Throwing
 - Level 2.4 Dodging


You had 4 spell levels left.
You didn't know any spells.

Dungeon Overview and Level Annotations

Branches:
Dungeon (3/15)

Altars:
Fedhas


Innate Abilities, Weirdness & Mutations

You cannot wear boots.
Your serpentine skin is tough (AC +1).
You have supernaturally acute eyesight.
Armour fits poorly on your strangely shaped body.
Your system is resistant to poisons.
You cover ground very slowly.
You have a slow metabolism.
You can spit poison.


Message History

The goblin is heavily wounded.
The goblin shoots a stone.
The stone hits you.
Attack whom?
Press: ? - help, Dir - move target cursor, f/p - goblin
Aim: a goblin, wielding a hunting sling (heavily wounded)
You reach to attack!
You hit the goblin.
You kill the goblin!
Use which ability? (? or * to list)
Press: ? - help, Shift-Dir - straight line, f - ogre
Aim: an ogre, wielding a giant club The splash of poison hits the ogre.
The ogre is heavily wounded.
You feel slightly more hungry.
You barely miss the ogre.
The ogre is heavily wounded.
The ogre hits you with a giant club!!
You closely miss the ogre.
The ogre is heavily wounded.
The ogre hits you with a giant club!!
You die...

## #.....# #..# ###.### #.## ###
#.# #.# ..# #.# #.#
#.#####.###### #># ...........<.#
#.# .............# #.#
.....#.......####.###############
..............gO@...............#
.#.#.........#####.######.....#.#
.#.###..##'### #.# ##.##....
........#%. ##.## #.####.#
.#......#g. #####...######......#
.#####..#.O #.............#######
.# #..########....#####.# .#
#.........#..#.#####.#####
.#####...#.##..........##.....#


You could see an ogre and a goblin.

Vanquished Creatures
  Terence (D:2)
  Robin (D:3)
  7 adders
  A worm (D:2)
  2 giant geckos
  11 orcs (D:3)
  A ball python (D:2)
  4 giant cockroaches
  8 hobgoblins
  3 jackals (D:1)
  A quokka (D:2)
  7 bats
  2 giant newts
  24 goblins
  7 kobolds
  8 rats
88 creatures vanquished.

Notes
Turn   | Place    | Note
--------------------------------------------------------------
     0 | D:1      | onwiheg the Naga Gladiator began the quest for the Orb.
     0 | D:1      | Reached XP level 1. HP: 19/19 MP: 1/1
   291 | D:1      | Reached XP level 2. HP: 19/26 MP: 2/2
   862 | D:2      | Reached skill level 4 in Polearms
   930 | D:2      | Noticed Terence
   938 | D:2      | Killed Terence
   938 | D:2      | Reached XP level 3. HP: 23/32 MP: 3/3
  1197 | D:2      | Reached XP level 4. HP: 35/39 MP: 4/4
  1294 | D:2      | Found a blossoming altar of Fedhas.
  1317 | D:2      | Reached skill level 5 in Polearms
  1317 | D:2      | HP: 1/39 [adder (3)]
  1914 | D:2      | Reached XP level 5. HP: 45/45 MP: 5/5
  2259 | D:3      | Found a faded altar to an unknown god.
  2373 | D:3      | Noticed Robin
  2400 | D:3      | Killed Robin
  2400 | D:3      | Reached skill level 6 in Polearms
  2937 | D:3      | Noticed an ogre
  2955 | D:3      | Slain by an ogre

Vault maps used:
D:1:      evilmike_arrival_fibonacci_small
D:2:      wad_crossroads, first_bread, fedhas_altar_2, uniq_terence
D:3:      ecumenical_altar_2, minmay_ogre_servants, uniq_robin

Action                   |  1- 3 |  4- 6 || total
-------------------------+-------+-------++-------
Melee: Trident           |   113 |   162 ||   275
 Abil: Spit Poison       |     3 |    18 ||    21
  Use: Potion            |       |     1 ||     1
 Stab: Sleeping          |       |     1 ||     1
  Eat: Chunk             |     1 |     5 ||     6
